AoeStats
← Malcolm Little

Arabia

508797737Analyzed
4v4 RM · 7d ago on Sep 24, 2026· 43m 25s· 8 players
Game mode
Random Map
Map size
Large (8 player)
Population
200
Speed
Normal
Resources
Standard
Victory
Conquest
Starting age
Dark Age
Ending age
Imperial Age
RankedLock teamsTeams togetherTeam positionsShared explorationLock speedFull tech treeHidden civsTurbo modeCheats
Victory
Defeat
1493
+14
🇵🇪 Ethiopians · Peru
1456
+16
🇩🇴 Britons · Dominican Republic
1438
+16
🇦🇷 Hindustanis · Argentina
1418
+17
🇺🇸 Franks · United States
1484
-16
🇵🇰 Hindustanis · Pakistan
1473
-17
🇨🇳 Ethiopians · China
1447
-16
🇺🇸 Maya · United States
1395
-14
Malcolm Little
6:25 Loom
9:17 Feudal Age
10:16 Double-Bit Axe
16:27 Fletching
19:03 Padded Archer Armor
25:46 Castle Age
25:27 Horse Collar
25:38 Gold Mining
25:48 Crossbowman
26:33 Bodkin Arrow
28:30 Ballistics
30:35 Wheelbarrow
32:28 Town Watch
35:22 Leather Archer Armor
37:52 Bow Saw
37:42 Heavy Plow
41:05 Imperial Age
39:00 Pikeman
39:57 Forging
39:48 Scale Mail Armor
40:57 Hand Cart
41:20 Arbalester
43:08 Bracer
44:09 Two-Man Saw
weaking
3:33 Loom
6:44 Loom
8:49 Feudal Age
9:33 Double-Bit Axe
16:35 Scale Barding Armor
17:12 Wheelbarrow
20:45 Castle Age
19:52 Bloodlines
23:26 Bow Saw
24:01 Husbandry
24:23 Chain Barding Armor
25:58 Forging
25:33 Horse Collar
31:36 Iron Casting
35:03 Gold Mining
39:17 Imperial Age
38:16 Hand Cart
38:04 Heavy Plow
39:19 Heavy Camel Rider
40:37 Plate Barding Armor
42:39 Blast Furnace
42:13 Imperial Camel Rider
ElTitanSargeras
5:24 Loom
8:47 Feudal Age
15:25 Double-Bit Axe
17:32 Fletching
24:59 Castle Age
24:07 Gold Mining
25:05 Crossbowman
25:52 Bodkin Arrow
27:36 Gold Shaft Mining
29:51 Ballistics
31:04 Padded Archer Armor
33:15 Thumb Ring
36:57 Wheelbarrow
36:48 Horse Collar
38:51 Leather Archer Armor
39:24 Bow Saw
41:57 Hand Cart
44:15 Imperial Age
43:22 Stone Mining
[LAK] PALADIN 444 𓅃
6:42 Loom
9:19 Feudal Age
9:55 Double-Bit Axe
20:00 Castle Age
18:37 Scale Barding Armor
18:46 Horse Collar
19:49 Bloodlines
21:59 Chain Barding Armor
24:50 Husbandry
37:37 Imperial Age
37:41 Cavalier
39:05 Plate Barding Armor
42:40 Paladin
43:55 Conscription
mu hehe
6:44 Loom
8:50 Feudal Age
9:37 Double-Bit Axe
20:13 Castle Age
18:32 Gold Mining
19:28 Scale Barding Armor
21:18 Wheelbarrow
21:05 Bow Saw
21:52 Chain Barding Armor
22:34 Husbandry
23:26 Forging
27:51 Iron Casting
34:33 Imperial Age
31:49 Town Watch
32:19 Hand Cart
34:35 Cavalier
35:50 Plate Barding Armor
39:17 Blast Furnace
38:50 Paladin
39:34 Fletching
41:37 Conscription
41:20 Chivalry
"Real Friendly" new player
0:28 Loom
10:36 Feudal Age
12:42 Double-Bit Axe
17:44 Fletching
18:28 Gold Mining
19:08 Padded Archer Armor
28:18 Castle Age
28:40 Elite Skirmisher
29:39 Bodkin Arrow
29:22 Crossbowman
33:05 Leather Archer Armor
39:07 Ballistics
39:56 Bow Saw
120057903
6:11 Loom
8:55 Feudal Age
16:09 Padded Archer Armor
16:52 Town Watch
17:42 Fletching
17:45 Double-Bit Axe
17:52 Gold Mining
27:36 Castle Age
27:37 Crossbowman
30:12 Bow Saw
30:39 Wheelbarrow
31:07 Bodkin Arrow
33:33 Hand Cart
39:48 Stone Mining
42:22 Ballistics
bilalnizamani001
6:59 Loom
9:20 Feudal Age
10:00 Double-Bit Axe
9:55 Horse Collar
15:16 Wheelbarrow
15:29 Scale Barding Armor
17:09 Forging
18:19 Bloodlines
22:56 Castle Age
22:47 Gold Mining
24:03 Chain Barding Armor
25:59 Iron Casting
27:11 Bow Saw
26:43 Horse Collar
27:16 Husbandry
41:42 Imperial Age
38:58 Town Watch
Connection lost

Rejoining the realm…

Still unreachable

The connection could not be restored.

Session expired

The server has moved on; the page needs a fresh start.